Map: King's Cove LE

Players

Mez - Winner!

  • Race: Terran Terran
  • League: Master
  • Spawn Location: 5:00

CptWobbles

  • Race: Terran Terran
  • League: Diamond
  • Spawn Location: 11:00

VOD

Have the link to the VOD?

Description

Time

  • Played on: Aug. 1, 2019, 12:43 p.m.
  • Length: 11:49
Show
View Real Time Build Order
Export as new Build Order

Mez Terran - Winner!

Build Orders: Reaper Expand 

Get SALT Encoding   

  12  0:00  SCV  
  13  0:13  SCV  
  14  0:18  Supply Depot  
  14  0:25  SCV  
  15  0:39  SCV  
  15  0:41  Barracks  
  16  0:45  Refinery  
  16  0:52  SCV  
  17  1:04  SCV  
  18  1:16  SCV  
  19  1:28  Orbital Command  
  19  1:29  Reaper  
  20  1:46  Command Center  
  20  1:57  SCV  
  20  1:58  Supply Depot  
  21  2:03  Marine  
  21  2:09  SCV  
  22  2:18  Factory  
  22  2:23  SCV  
  22  2:24  Barracks Reactor  
  22  2:28  Refinery  
  23  2:41  SCV  
  24  2:57  SCV  
  25  3:00  Orbital Command  
  25  3:02  Marine x2  
  29  3:06  Factory Tech Lab  
  29  3:08  Starport  
  29  3:10  SCV  
  28  3:14  Refinery  
  28  3:20  Marine x2  
  28  3:24  SCV  
  28  3:27  Cyclone  
  34  3:31  SCV  
  35  3:36  SCV  
  35  3:38  Marine  
  37  3:47  SCV, Starport Tech Lab  
  38  3:50  SCV  
  39  3:57  Supply Depot  
  39  3:59  SCV  
  39  4:01  Siege Tank  
  44  4:02  SCV  
  44  4:10  Marine x2  
  46  4:17  Supply Depot  
  46  4:19  Raven, SCV x2  
  50  4:37  Siege Tank  
  53  4:43  SCV x2  
  53  4:44  Marine x2  
  57  4:58  SCV x2  
  58  5:02  Raven, Command Center  
  62  5:09  Supply Depot  
  62  5:12  SCV  
  63  5:20  Barracks  
  63  5:21  Factory Reactor  
  61  5:22  Engineering Bay  
  61  5:23  Engineering Bay, Barracks  
  61  5:25  Marine  
  62  5:29  SCV  
  62  5:30  SCV  
  64  5:41  Stimpack  
  64  5:42  Marine  
  64  5:44  Raven  
  64  5:45  Supply Depot  
  64  5:46  SCV x2  
  69  5:58  SCV  
  69  5:59  SCV  
  71  6:08  Barracks x2  
  71  6:10  SCV  
  71  6:11  SCV  
  73  6:12  Terran Infantry Weapons Level 1  
  73  6:13  Terran Infantry Armor Level 1  
  73  6:23  SCV  
  71  6:35  Orbital Command  
  71  6:37  SCV x2, Marine  
  71  6:38  Marine x4  
  78  6:42  Starport Reactor  
  78  6:44  Refinery  
  78  6:45  Siege Tank  
  81  6:51  SCV  
  81  6:52  SCV  
  81  6:53  Supply Depot  
  83  6:55  Marine x2  
  83  6:56  Marine x3  
  88  7:04  SCV x2, Armory  
  90  7:14  Marine x4, Orbital Command  
  96  7:16  SCV x2  
  96  7:21  Supply Depot  
  97  7:23  Marine, Medivac x2  
  97  7:27  Barracks Reactor  
  97  7:29  SCV x2  
  102  7:31  Marine  
  102  7:32  Barracks Reactor  
  103  7:39  SCV  
  103  7:41  SCV x2  
  106  7:47  Supply Depot  
  106  7:49  Missile Turret x2  
  103  7:51  SCV  
  103  7:53  SCV x2  
  106  8:01  Siege Tank, Marine x3  
  106  8:02  Medivac x2  
  106  8:03  Marine  
  117  8:08  Marine x3  
  117  8:09  SCV x3  
  117  8:11  Supply Depot  
  117  8:12  Supply Depot  
  123  8:16  Supply Depot  
  123  8:19  Marine x2  
  125  8:20  Combat Shield  
  125  8:21  SCV x2, Marine x4  
  125  8:26  Marine x3  
  133  8:33  Medivac x2  
  137  8:34  Refinery, Supply Depot  
  137  8:37  Marine x2  
  139  8:46  SCV x2  
  139  8:47  SCV  
  142  8:52  Terran Infantry Armor Level 2, Terran Infantry Weapons Level 2, Supply Depot x2  
  142  8:53  Refinery  
  142  8:58  Marine x7  
  149  9:03  Marine x2  
  149  9:06  Terran Vehicle Weapons Level 1  
  149  9:07  Supply Depot  
  149  9:09  Medivac  
  153  9:15  Marine  
  154  9:18  Supply Depot  
  154  9:30  Missile Turret x2  
  154  9:35  Marine x9  
  162  9:38  Missile Turret  
  159  9:48  Siege Tank  
  159  9:52  Marine  
  162  9:53  Marine x6  
  169  10:04  Marine x2  
  159  10:10  Marine x5  
  159  10:11  Marine x2, Medivac x2  
  169  10:21  Marine, Command Center  
  170  10:31  SCV  
  171  10:37  Marine  
  171  10:38  Marine x7  
  171  10:39  Marine  
  169  10:55  Marine  
  169  10:56  Marine x3  
  172  10:59  Marine x2  
  159  11:17  Marine x8  
  161  11:22  Marine  
  155  11:26  SCV x3  
  155  11:28  Barracks  
  155  11:29  Barracks  
  155  11:30  Barracks  
Show
View Real Time Build Order
Export as new Build Order

CptWobbles Terran 

Build Orders: Reaper Expand 

Get SALT Encoding   

  12  0:01  SCV  
  13  0:13  SCV  
  14  0:18  Supply Depot  
  14  0:25  SCV  
  15  0:40  SCV  
  15  0:41  Barracks  
  16  0:48  Refinery  
  16  0:52  SCV  
  17  1:04  SCV  
  18  1:19  SCV  
  19  1:31  Reaper  
  19  1:32  Orbital Command  
  20  1:44  Command Center  
  20  1:54  Supply Depot  
  20  1:59  SCV  
  21  2:08  Factory  
  21  2:14  SCV  
  21  2:15  Refinery  
  22  2:26  SCV  
  23  2:31  Barracks Reactor  
  22  2:44  SCV  
  23  2:56  Starport  
  23  2:58  Orbital Command  
  23  3:00  SCV  
  24  3:13  Hellion x2, SCV, Barracks Tech Lab  
  29  3:25  SCV  
  29  3:26  SCV  
  31  3:33  Marauder, Medivac  
  35  3:34  Hellion  
  35  3:35  Hellion  
  39  3:47  SCV  
  39  3:54  Barracks  
  39  3:57  Supply Depot  
  39  4:01  SCV  
  39  4:02  SCV  
  41  4:19  Barracks  
  41  4:21  SCV x2  
  41  4:22  Raven, Marine x2  
  47  4:26  Factory Tech Lab  
  47  4:27  Supply Depot  
  47  4:38  SCV  
  48  4:42  SCV  
  48  4:43  Marine x2  
  45  4:48  Barracks Tech Lab  
  45  4:49  Siege Tank  
  45  4:50  SCV  
  47  4:56  SCV  
  46  5:02  SCV  
  46  5:03  Bunker  
  46  5:04  Supply Depot  
  47  5:07  Stimpack  
  47  5:08  Command Center  
  47  5:15  Starport Reactor, Marine  
  47  5:16  Barracks  
  47  5:20  Combat Shield  
  48  5:21  SCV x2  
  48  5:26  Refinery  
  50  5:33  SCV  
  51  5:44  SCV  
  51  5:45  SCV  
  51  5:47  Marine  
  51  5:48  Marine x2  
  56  5:53  Supply Depot  
  56  5:56  Marine  
  57  5:57  Siege Tank, Engineering Bay  
  57  5:58  Engineering Bay  
  60  6:06  Barracks Reactor  
  60  6:07  SCV  
  60  6:08  SCV  
  62  6:12  Marine x2  
  62  6:13  Refinery  
  64  6:19  SCV  
  65  6:29  Siege Tank  
  65  6:32  Viking x2  
  72  6:35  Marine x3  
  72  6:36  Marine  
  76  6:41  SCV x2  
  76  6:42  Missile Turret, Marine  
  76  6:44  Missile Turret  
  76  6:45  Missile Turret  
  79  6:49  Orbital Command  
  79  6:50  Marine  
  79  6:53  Marine  
  81  6:54  Marine  
  81  6:55  Marine  
  81  6:56  SCV x2  
  85  7:06  Viking, Medivac  
  87  7:08  SCV  
  87  7:09  SCV  
  87  7:13  Terran Infantry Armor Level 1  
  87  7:14  Supply Depot  
  88  7:16  Terran Infantry Weapons Level 1  
  88  7:18  Barracks Reactor  
  88  7:21  SCV  
  88  7:22  SCV  
  90  7:25  Marine x3  
  90  7:28  Factory  
  93  7:34  Supply Depot  
  93  7:35  Marine  
  94  7:39  Marine, Supply Depot  
  94  7:40  SCV  
  94  7:41  SCV, Supply Depot  
  94  7:43  Marine  
  98  7:47  SCV  
  98  7:49  Sensor Tower  
  98  7:53  SCV, Marine  
  98  7:57  Armory  
  99  7:59  SCV x2, Marine  
  99  8:02  Refinery  
  99  8:03  Supply Depot  
  102  8:08  Supply Depot  
  102  8:10  SCV  
  102  8:11  SCV, Medivac  
  104  8:16  Siege Tank x2, SCV  
  104  8:17  Marine  
  112  8:24  SCV x2  
  114  8:27  Supply Depot  
  114  8:33  Marine x2  
  116  8:34  Factory  
  116  8:36  Viking, Barracks  
  116  8:39  Barracks Reactor  
  116  8:41  SCV x2  
  120  8:45  Missile Turret  
  120  8:46  Refinery, Marine x3  
  122  8:49  Marine  
  122  8:50  SCV  
  122  8:51  Marine  
  122  8:53  SCV  
  126  8:56  SCV, Marine  
  126  8:57  Siege Tank  
  131  9:04  Marine x3  
  131  9:06  SCV x2  
  136  9:14  Terran Infantry Weapons Level 2, Supply Depot  
  136  9:17  Command Center  
  136  9:18  Terran Infantry Armor Level 2  
  136  9:28  Marine x5  
  136  9:29  Marine x3  
  136  9:30  Siege Tank  
  138  9:34  Viking  
  140  9:46  Marine x2  
  140  9:48  Missile Turret  
  140  9:51  Siege Tank x2  
  148  9:54  Barracks Reactor  
  145  10:06  Marine x3  
  116  10:07  Marine x2  
  116  10:08  Siege Tank  
  116  10:13  Marine x2  
  123  10:15  Marine  
  121  10:23  Siege Tank x2, Marine  
  121  10:24  Marine x2  
  121  10:25  Viking, Marine x2  
  134  10:37  Marine x2  
  134  10:40  Siege Tank  
  134  10:41  Marine x2  
  141  10:43  Liberator  
  141  10:44  Liberator  
  120  10:55  Siege Tank  
  97  11:20  Marine x2  
  86  11:26  SCV x2  
  86  11:28  Marine x2  
  86  11:29  Marine x2  
  86  11:30  Marine x3  
Tags
 
Add a new tag
Caveats
  • Supply blocks, unpowered buildings, or Contaminate may cause inaccurate times.
  • Supply counts are checked every 10 seconds.